TOP OF THE 1ST |
London Majors batting - Pitching for Columbus Reds : RHP Mike Stabb
|
Pitching: RHP Mike Stabb
|
|
Batting: RHB Manny Elizondo
|
0-0: Ball 1-0: Ball 2-0: Called Strike 2-1: Called Strike 2-2: Foul Ball, location: 2F 2-2: Ball 3-2: Strikes out swinging
|
Batting: RHB Carlos Murillo
|
0-0: Ball 1-0: Foul Ball, location: 2F 1-1: Ball 2-1: Ball 3-1: Called Strike 3-2: Base on Balls
|
Batting: RHB Akira Kubo
|
0-0: Called Strike 0-1: Swinging Strike 0-2: Ball 1-2: Strikes out looking
|
Batting: RHB Brandon Williams
|
0-0: Called Strike Carlos Murillo is caught stealing 2nd base 2-4
|
Top of the 1st over - 0 runs, 0 hits, 0 errors, 0 left on base; London 0 - Columbus 0 |
BOTTOM OF THE 1ST |
Columbus Reds batting - Pitching for London Majors : LHP Frank Cota
|
Pitching: LHP Frank Cota
|
|
Batting: RHB Ernie Maldonado
|
0-0: Foul Ball, location: 2F 0-1: Ground out 6-3 (Groundball, 56, EV 90.6 MPH)
|
Batting: LHB Jose Cruz
|
0-0: Ball 1-0: SOLO HOME RUN (Flyball, 89XD, EV 101.9 MPH), Distance : 428 ft
|
Batting: RHB Randy Grewe
|
0-0: Ball 1-0: Called Strike 1-1: Ground out 1-3 (Groundball, 23, EV 63.8 MPH)
|
Batting: RHB Alex Juarez
|
0-0: Ball 1-0: SINGLE (Line Drive, 4D, EV 98.8 MPH)
|
Batting: SHB Cesar Pelayo
|
0-0: Ball 1-0: Called Strike 1-1: Swinging Strike 1-2: Ball 2-2: Ball 3-2: Strikes out swinging
|
Bottom of the 1st over - 1 run, 2 hits, 0 errors, 1 left on base; London 0 - Columbus 1 |
TOP OF THE 2ND |
London Majors batting - Pitching for Columbus Reds : RHP Mike Stabb
|
Batting: RHB Brandon Williams
|
0-0: Foul Ball, location: 2F 0-1: Called Strike 0-2: Ball 1-2: Strikes out looking
|
Batting: RHB Rudolph Lentz
|
0-0: Ball 1-0: Ground out 6-3 (Groundball, 6, EV 98.8 MPH)
|
Batting: RHB Mikey Sano
|
0-0: Ball 1-0: Swinging Strike 1-1: Swinging Strike 1-2: Strikes out swinging
|
Top of the 2nd over - 0 runs, 0 hits, 0 errors, 0 left on base; London 0 - Columbus 1 |
BOTTOM OF THE 2ND |
Columbus Reds batting - Pitching for London Majors : LHP Frank Cota
|
Batting: RHB Ruben Cantu
|
0-0: Ball 1-0: Swinging Strike 1-1: Ball 2-1: Ball 3-1: Foul Ball, location: 2F 3-2: Strikes out looking
|
Batting: LHB Mike Becerra
|
0-0: Swinging Strike 0-1: Ground out U3 (Groundball, 3, EV 106.9 MPH)
|
Batting: RHB Oscar Chapa
|
0-0: Called Strike 0-1: Ball 1-1: Ground out 3-1 (Groundball, 34S, EV 79.4 MPH)
|
Bottom of the 2nd over - 0 runs, 0 hits, 0 errors, 0 left on base; London 0 - Columbus 1 |
TOP OF THE 3RD |
London Majors batting - Pitching for Columbus Reds : RHP Mike Stabb
|
Batting: LHB Nate Greening
|
0-0: Ball 1-0: Called Strike 1-1: Foul Ball, location: 2F 1-2: Ball 2-2: Ball 3-2: Strikes out swinging
|
Batting: RHB Lao-che Zhu
|
0-0: Ball 1-0: Fly out, F9 (Line Drive, 89M, EV 94.4 MPH)
|
Batting: RHB Jorge Alva
|
0-0: Ball 1-0: Foul Ball, location: 2F 1-1: Foul Ball, location: 2F 1-2: Ball 2-2: Strikes out swinging
|
Top of the 3rd over - 0 runs, 0 hits, 0 errors, 0 left on base; London 0 - Columbus 1 |
BOTTOM OF THE 3RD |
Columbus Reds batting - Pitching for London Majors : LHP Frank Cota
|
Batting: RHB Cornholdo Schwerin
|
0-0: Ball 1-0: SINGLE (Groundball, 56S, EV 68.1 MPH) (infield hit)
|
Batting: RHB Ernie Maldonado
|
0-0: Ball 1-0: Ball 2-0: Called Strike 2-1: Ball 3-1: Called Strike 3-2: Fielders Choice at 2nd, 6-4 (Groundball, 56, EV 88.8 MPH)
|
Batting: LHB Jose Cruz
|
0-0: Called Strike 0-1: Ball 1-1: Ball 2-1: Foul Ball, location: 2F 2-2: Ball 3-2: Grounds into double play, 4-6-3 (Groundball, 4, EV 104.4 MPH)
|
Bottom of the 3rd over - 0 runs, 1 hit, 0 errors, 0 left on base; London 0 - Columbus 1 |
TOP OF THE 4TH |
London Majors batting - Pitching for Columbus Reds : RHP Mike Stabb
|
Batting: RHB Manny Elizondo
|
0-0: Called Strike 0-1: Ball 1-1: Foul Ball, location: 2F 1-2: Ground out 5-3 (Groundball, 5L, EV 90.6 MPH)
|
Batting: RHB Carlos Murillo
|
0-0: Ball 1-0: Foul Ball, location: 2F 1-1: Foul Ball, location: 2F 1-2: Ball 2-2: Ball 3-2: Foul Ball, location: 2F 3-2: Base on Balls
|
Batting: RHB Akira Kubo
|
0-0: Called Strike 0-1: Ball 1-1: Ball 2-1: Foul Ball, location: 2F 2-2: Fly out, F9 (Flyball, 9S, EV 84.4 MPH)
|
Batting: RHB Brandon Williams
|
0-0: Called Strike 0-1: Ball 1-1: Ball Carlos Murillo steals 2nd base 2-1: Fly out, F8 (Flyball, 8RM, EV 80.6 MPH)
|
Top of the 4th over - 0 runs, 0 hits, 0 errors, 1 left on base; London 0 - Columbus 1 |
BOTTOM OF THE 4TH |
Columbus Reds batting - Pitching for London Majors : LHP Frank Cota
|
Batting: RHB Randy Grewe
|
0-0: Ball 1-0: Ball 2-0: Called Strike 2-1: Ball 3-1: Base on Balls
|
Batting: RHB Alex Juarez
|
0-0: Ball 1-0: Ball 2-0: Called Strike 2-1: Ball 3-1: Base on Balls Randy Grewe to second
|
Batting: SHB Cesar Pelayo
|
0-0: Called Strike 0-1: Ball 1-1: Ball 2-1: Foul Ball, location: 2F 2-2: Ground out 3-1 (Groundball, 3L, EV 101.2 MPH) Randy Grewe to third Alex Juarez to second
|
Batting: RHB Ruben Cantu
|
0-0: SINGLE (Line Drive, 6MD, EV 105.0 MPH) Randy Grewe scores Alex Juarez to third
|
Batting: LHB Mike Becerra
|
0-0: Ball 1-0: Called Strike 1-1: Ball 2-1: Called Strike 2-2: Strikes out swinging
|
Batting: RHB Oscar Chapa
|
0-0: Fielders Choice at 2nd, 6-4 (Groundball, 6, EV 88.8 MPH)
|
Bottom of the 4th over - 1 run, 1 hit, 0 errors, 2 left on base; London 0 - Columbus 2 |
TOP OF THE 5TH |
London Majors batting - Pitching for Columbus Reds : RHP Mike Stabb
|
Batting: RHB Rudolph Lentz
|
0-0: Fly out, F7 (Flyball, 7D, EV 98.1 MPH)
|
Batting: RHB Mikey Sano
|
0-0: Ground out 4-3 (Groundball, 4, EV 86.9 MPH)
|
Batting: LHB Nate Greening
|
0-0: Ball 1-0: Called Strike 1-1: Foul Ball, location: 2F 1-2: Strikes out swinging
|
Top of the 5th over - 0 runs, 0 hits, 0 errors, 0 left on base; London 0 - Columbus 2 |
BOTTOM OF THE 5TH |
Columbus Reds batting - Pitching for London Majors : LHP Frank Cota
|
Batting: RHB Cornholdo Schwerin
|
0-0: Ground out 6-3 (Groundball, 6, EV 93.1 MPH)
|
Batting: RHB Ernie Maldonado
|
0-0: Ball 1-0: Fly out, F8 (Flyball, 8LM, EV 94.4 MPH)
|
Batting: LHB Jose Cruz
|
0-0: Swinging Strike 0-1: Ball 1-1: SINGLE (Line Drive, 6M, EV 98.1 MPH)
|
Batting: RHB Randy Grewe
|
0-0: Ball 1-0: Swinging Strike Jose Cruz steals 2nd base 1-1: Ball 2-1: Ball 3-1: Base on Balls
|
Batting: RHB Alex Juarez
|
0-0: Called Strike 0-1: Ball 1-1: Swinging Strike 1-2: Ball 2-2: Foul Ball, location: 2F 2-2: Strikes out swinging
|
Bottom of the 5th over - 0 runs, 1 hit, 0 errors, 2 left on base; London 0 - Columbus 2 |
TOP OF THE 6TH |
London Majors batting - Pitching for Columbus Reds : RHP Mike Stabb
|
Batting: RHB Lao-che Zhu
|
0-0: Called Strike 0-1: Swinging Strike 0-2: Foul Ball, location: 2F 0-2: Ball 1-2: Foul Ball, location: 2F 1-2: Ball 2-2: Ball 3-2: Foul Ball, location: 2F 3-2: Base on Balls
|
Batting: RHB Jorge Alva
|
0-0: Ball Lao-che Zhu steals 2nd base 1-0: Foul Ball, location: 2F 1-1: SINGLE (Line Drive, 7S, EV 96.2 MPH) Lao-che Zhu to third Runner from 3rd tries for Home, SAFE, throw by LF to home
|
Batting: RHB Manny Elizondo
|
0-0: Ball 1-0: Foul Ball, location: 2F 1-1: Ball 2-1: DOUBLE (Line Drive, 89M, EV 102.5 MPH) Jorge Alva to third
|
Batting: RHB Carlos Murillo
|
0-0: Called Strike 0-1: Foul Ball, location: 2F 0-2: Ball 1-2: Strikes out swinging
|
Batting: RHB Akira Kubo
|
0-0: Swinging Strike 0-1: Fly out, F9 (Flyball, 89M, EV 80.6 MPH)
|
Pitching: RHP Aaron McArdle
|
|
Batting: RHB Brandon Williams
|
0-0: Ball Wild Pitch! Jorge Alva scores Manny Elizondo to third 1-0: Ball 2-0: Ball 3-0: Base on Balls
|
Batting: RHB Rudolph Lentz
|
0-0: Called Strike 0-1: Ball 1-1: Foul Ball, location: 2F 1-2: Ball 2-2: Ball 3-2: Strikes out swinging
|
Top of the 6th over - 2 runs, 2 hits, 0 errors, 2 left on base; London 2 - Columbus 2 |
BOTTOM OF THE 6TH |
Columbus Reds batting - Pitching for London Majors : LHP Frank Cota
|
Batting: SHB Cesar Pelayo
|
0-0: Ball 1-0: Ball 2-0: Foul Ball, location: 2F 2-1: Foul Ball, location: 2F 2-2: Ball 3-2: Fly out, F8 (Flyball, 78D, EV 105.6 MPH)
|
Batting: RHB Ruben Cantu
|
0-0: Ball 1-0: Fly out, F7 (Line Drive, 7, EV 101.2 MPH)
|
Batting: LHB Mike Becerra
|
0-0: Called Strike 0-1: Ground out U3 (Groundball, 3S, EV 81.9 MPH)
|
Bottom of the 6th over - 0 runs, 0 hits, 0 errors, 0 left on base; London 2 - Columbus 2 |
TOP OF THE 7TH |
London Majors batting - Pitching for Columbus Reds : RHP Aaron McArdle
|
Batting: RHB Mikey Sano
|
0-0: Foul Ball, location: 2F 0-1: Ball 1-1: Fly out, F8 (Flyball, 8LXD, EV 84.4 MPH)
|
Batting: LHB Nate Greening
|
0-0: Ball 1-0: Ball 2-0: Ball 3-0: Called Strike 3-1: Base on Balls
|
Pinch Hitting: SHB Mike Fermin
|
0-0: Ball 1-0: Fielders Choice at 2nd, 6-4 (Groundball, 56, EV 100.0 MPH)
|
Pitching: RHP Guang Jue
|
|
Batting: RHB Jorge Alva
|
0-0: Ball 1-0: Called Strike 1-1: Swinging Strike 1-2: Ball 2-2: DOUBLE (Flyball, 8LXD, EV 100.6 MPH) Mike Fermin to third
|
Batting: RHB Manny Elizondo
|
0-0: Ball 1-0: Ball 2-0: Foul Ball, location: 2F 2-1: Foul Ball, location: 2F 2-2: Foul Ball, location: 2F 2-2: Fly out, F3 (Line Drive, 3, EV 64.4 MPH)
|
Top of the 7th over - 0 runs, 1 hit, 0 errors, 2 left on base; London 2 - Columbus 2 |
BOTTOM OF THE 7TH |
Columbus Reds batting - Pitching for London Majors : LHP Frank Cota
|
Now at 3B: Mike Fermin
|
|
Batting: RHB Oscar Chapa
|
0-0: Called Strike 0-1: Foul Ball, location: 2F 0-2: Ground out 4-3 (Groundball, 34, EV 82.5 MPH)
|
Batting: RHB Cornholdo Schwerin
|
0-0: Foul Ball, location: 2F 0-1: Called Strike 0-2: Fly out, F5 (Line Drive, 5L, EV 71.9 MPH)
|
Batting: RHB Ernie Maldonado
|
0-0: Foul Ball, location: 2F 0-1: Ball 1-1: Ground out 5-3 (Groundball, 5S, EV 63.8 MPH)
|
Bottom of the 7th over - 0 runs, 0 hits, 0 errors, 0 left on base; London 2 - Columbus 2 |
TOP OF THE 8TH |
London Majors batting - Pitching for Columbus Reds : RHP Guang Jue
|
Batting: RHB Carlos Murillo
|
0-0: Ball 1-0: Hit by Pitch
|
Batting: RHB Akira Kubo
|
0-0: Foul Ball, location: 2F 0-1: Called Strike 0-2: Ball 1-2: Ball 2-2: Foul Ball, location: 2F 2-2: Ball 3-2: Foul Ball, location: 2F 3-2: Strikes out looking
|
Batting: RHB Brandon Williams
|
0-0: Called Strike 0-1: Ball 1-1: Foul Ball, location: 2F 1-2: Ball 2-2: Fielders Choice at 2nd, 5-4 (Groundball, 56, EV 104.4 MPH)
|
Pinch Hitting: RHB Chad Colyer
|
0-0: Ball 1-0: Ball 2-0: Swinging Strike 2-1: Ball 3-1: Base on Balls Brandon Williams to second
|
Pinch Hitting: RHB Bruce Ayotte
|
0-0: SINGLE (Groundball, 56D, EV 93.8 MPH) Brandon Williams to third Chad Colyer to second Runner from 3rd tries for Home, SAFE, throw by LF to home
|
Pitching: LHP Joe McLaughlin
|
|
Batting: LHB Nate Greening
|
0-0: Foul Ball, location: 2F 0-1: Called Strike 0-2: Ball 1-2: Hit by Pitch Chad Colyer to third Bruce Ayotte to second
|
Batting: SHB Mike Fermin
|
0-0: Ball 1-0: Ball 2-0: Swinging Strike 2-1: Called Strike 2-2: Strikes out swinging
|
Top of the 8th over - 1 run, 1 hit, 0 errors, 3 left on base; London 3 - Columbus 2 |
BOTTOM OF THE 8TH |
Columbus Reds batting - Pitching for London Majors : LHP Frank Cota
|
Now at C: Harry Torres
|
|
Now in RF: Benedikt Fleischmann
|
|
Pinch Hitting: RHB Jonathan Davis
|
0-0: Foul Ball, location: 2F 0-1: Swinging Strike 0-2: Hit by Pitch
|
Batting: RHB Randy Grewe
|
0-0: Foul Ball, location: 2F 0-1: Foul Ball, location: 2F 0-2: Ball 1-2: Foul Ball, location: 2F 1-2: Ball 2-2: Foul Ball, location: 2F 2-2: Ball 3-2: 2-RUN HOME RUN (Flyball, 7D, EV 105.0 MPH), Distance : 403 ft
|
Batting: RHB Alex Juarez
|
0-0: Ball 1-0: Ball 2-0: Ball 3-0: Base on Balls
|
Pitching: RHP Andrew Dopp
|
|
Batting: SHB Cesar Pelayo
|
0-0: Ball 1-0: Ball 2-0: Foul Ball, location: 2F 2-1: Foul Ball, location: 2F 2-2: Strikes out swinging
|
Pitching: LHP Kevin Snider
|
|
Batting: RHB Ruben Cantu
|
0-0: Ball 1-0: Foul Ball, location: 2F 1-1: Fly out, F7 (Line Drive, 7LM, EV 85.6 MPH)
|
Pinch Hitting: RHB Aaron Barraza
|
0-0: SINGLE (Line Drive, 34, EV 95.6 MPH) Alex Juarez to second Runner from 2nd tries for 3rd, SAFE, throw by RF made to third
|
Batting: RHB Oscar Chapa
|
0-0: Ball 1-0: Fly out, F8 (Flyball, 8RD, EV 90.0 MPH)
|
Bottom of the 8th over - 2 runs, 2 hits, 0 errors, 2 left on base; London 3 - Columbus 4 |
TOP OF THE 9TH |
London Majors batting - Pitching for Columbus Reds : LHP Joe McLaughlin
|
Pitching: RHP Victor Uriegas
|
|
Now at C: Cesar Pelayo
|
|
Now at 1B: Randy Grewe
|
|
Now at 2B: Jonathan Davis
|
|
Now in LF: Ed Santibanez
|
|
Now in RF: Tim Kirk
|
|
Batting: RHB Jorge Alva
|
0-0: Ball 1-0: Swinging Strike 1-1: Called Strike 1-2: Strikes out swinging
|
Batting: RHB Manny Elizondo
|
0-0: Foul Ball, location: 2F 0-1: Called Strike 0-2: Ball 1-2: Strikes out swinging
|
Batting: RHB Carlos Murillo
|
0-0: Ball 1-0: Swinging Strike 1-1: Ball 2-1: Foul Ball, location: 2F 2-2: Foul Ball, location: 2F 2-2: Foul Ball, location: 2F 2-2: Foul Ball, location: 2F 2-2: Strikes out swinging
|
Top of the 9th over - 0 runs, 0 hits, 0 errors, 0 left on base; London 3 - Columbus 4 |
|